Map: Orbital Shipyard

Players

Chubz - Winner!

  • Race: Protoss Protoss
  • League: Master

frozz

  • Race: Terran Terran
  • League: Master

Event: DreamHack ZOWIE Open Leipzig

VOD

Have the link to the VOD?

Description

Time

  • Played on: Jan. 22, 2016, 9:21 a.m.
  • Length: 6:45

All games in this series

Show
View Real Time Build Order
Export as new Build Order

Chubz Protoss - Winner!

Build Orders: 1 Gate Expand 

Get SALT Encoding   

  12  0:01  Probe (Chrono Boost)  
  13  0:11  Probe (Chrono Boost)  
  14  0:17  Pylon  
  14  0:22  Probe (Chrono Boost)  
  15  0:35  Probe (Chrono Boost)  
  16  0:36  Gateway  
  16  0:41  Assimilator  
  16  0:46  Probe (Chrono Boost)  
  17  0:56  Probe (Chrono Boost)  
  18  1:07  Probe (Chrono Boost)  
  19  1:18  Nexus  
  19  1:22  Probe (Chrono Boost)  
  20  1:33  Cybernetics Core  
  20  1:34  Probe (Chrono Boost)  
  21  1:42  Assimilator  
  21  1:45  Probe (Chrono Boost)  
  22  1:49  Pylon  
  22  1:55  Probe (Chrono Boost)  
  23  2:07  Probe (Chrono Boost)  
  24  2:09  Adept (Chrono Boost)  
  24  2:10  Warp Gate (Chrono Boost)  
  26  2:19  Probe  
  27  2:22  Twilight Council  
  27  2:31  Probe (Chrono Boost)  
  27  2:36  Probe (Chrono Boost)  
  27  2:39  Adept (Chrono Boost)  
  27  2:43  Probe (Chrono Boost)  
  31  2:48  Robotics Facility  
  31  2:52  Probe (Chrono Boost)  
  31  2:54  Probe (Chrono Boost)  
  33  3:02  Probe (Chrono Boost)  
  34  3:07  Probe (Chrono Boost)  
  34  3:09  Resonating Glaives (Chrono Boost)  
  34  3:12  Probe (Chrono Boost)  
  36  3:17  Probe (Chrono Boost), Adept  
  39  3:21  Probe  
  40  3:29  Probe  
  40  3:32  Probe, Pylon  
  42  3:35  Warp Prism  
  44  3:43  Gateway  
  44  3:47  Gateway  
  44  3:53  Gateway  
  44  3:59  Probe  
  44  4:01  Mothership Core  
  47  4:09  Adept, Observer  
  49  4:11  Probe  
  51  4:20  Pylon  
  51  4:22  Probe  
  51  4:23  Probe  
  53  4:29  Pylon  
  53  4:30  Observer  
  56  4:38  Probe x2 (Chrono Boost)  
  56  4:41  Nexus  
  56  4:43  Pylon  
  56  4:50  Probe x2 (Chrono Boost)  
  58  4:55  Adept x4  
  64  5:00  Probe x2 (Chrono Boost)  
  63  5:11  Probe (Chrono Boost)  
  53  5:15  Adept  
  53  5:16  Adept x3  
  49  5:32  Probe x2 (Chrono Boost)  
  51  5:37  Adept x2  
  52  5:45  Probe x2 (Chrono Boost)  
  52  5:55  Probe x2 (Chrono Boost)  
  52  5:56  Probe (Chrono Boost)  
  53  6:06  Probe x3 (Chrono Boost)  
  55  6:16  Probe x2 (Chrono Boost)  
  55  6:17  Probe (Chrono Boost)  
  56  6:18  Stalker  
  56  6:20  Stalker  
  60  6:27  Probe (Chrono Boost)  
  60  6:30  Probe (Chrono Boost)  
Show
View Real Time Build Order
Export as new Build Order

frozz Terran 

Build Orders: Liberator Opening, Reaper Expand 

Get SALT Encoding   

  12  0:01  SCV  
  13  0:13  SCV  
  14  0:18  Supply Depot  
  14  0:25  SCV  
  15  0:39  SCV  
  15  0:41  Barracks  
  16  0:44  Refinery  
  16  0:52  SCV  
  17  1:04  SCV  
  18  1:16  SCV  
  19  1:28  Orbital Command  
  19  1:29  Reaper  
  20  1:41  Command Center  
  20  1:47  Refinery  
  20  1:53  SCV  
  21  1:57  Supply Depot  
  21  2:01  Barracks Reactor  
  21  2:06  SCV  
  22  2:18  SCV, Factory  
  23  2:30  SCV  
  24  2:37  Marine x2  
  24  2:42  SCV  
  27  2:54  SCV, Orbital Command  
  27  2:55  Marine x2  
  30  3:02  Widow Mine  
  30  3:04  Starport  
  32  3:07  SCV  
  32  3:10  Supply Depot  
  33  3:14  Marine x2  
  33  3:19  SCV  
  36  3:20  SCV  
  37  3:28  Supply Depot  
  37  3:31  SCV, Widow Mine  
  37  3:33  Marine x2  
  42  3:35  SCV  
  42  3:40  Medivac  
  45  3:44  SCV  
  45  3:45  Supply Depot  
  46  3:49  SCV  
  46  3:51  Marine  
  48  3:56  SCV  
  48  3:57  Marine, Liberator  
  48  4:00  Factory Tech Lab  
  48  4:01  SCV  
  50  4:03  Barracks  
  50  4:08  SCV  
  50  4:09  Engineering Bay  
  51  4:16  Marine x2  
  57  4:20  SCV  
  57  4:21  Siege Tank  
  57  4:22  SCV  
  61  4:29  Supply Depot  
  61  4:34  SCV x2, Bunker  
  63  4:39  Missile Turret  
  63  4:44  Terran Infantry Armor Level 1  
  63  4:45  Missile Turret  
  63  4:46  SCV  
  63  4:47  SCV, Marine  
  63  4:48  Marine  
  67  4:54  Siege Tank  
  67  4:55  Marine  
  67  4:58  SCV  
  71  5:04  SCV  
  71  5:05  Marine  
  71  5:06  Marine  
  70  5:13  Marine  
  62  5:23  Marine  
  62  5:24  Marine  
  57  5:29  SCV x2  
  57  5:31  Marine  
  60  5:40  Marine  
  60  5:42  Marine  
  54  5:46  SCV  
  54  5:47  Medivac  
  54  5:48  SCV  
  54  5:49  Marine  
  53  5:58  SCV, Marine  
  53  6:00  SCV  
  53  6:04  Marine  
  42  6:07  Marine  
  42  6:10  SCV  
  37  6:13  SCV  
  37  6:21  Marine  
  37  6:22  SCV  
  37  6:24  Marine  
  37  6:25  SCV  

Tags
 
Add a new tag
Caveats
  • Supply blocks, unpowered buildings, or Contaminate may cause inaccurate times.
  • Supply counts are checked every 10 seconds.